 Dungeon Crawl Stone Soup version 0.21-a0-625-g1119ec1 (webtiles) character file.

252 tof the Slasher (level 5, -6/47 HPs)
             Began as a Minotaur Monk on Dec 24, 2017.
             Killed by divine providence
             ... invoked by an orc priest
              (12 damage)
             ... in the Ecumenical Temple.
             The game lasted 00:04:14 (3087 turns).

tof the Slasher (Minotaur Monk)                     Turns: 3087, Time: 00:04:14

Health: -6/47      AC:  8    Str: 16    XL:     5   Next: 89%
Magic:  9/13       EV: 12    Int:  7    God:
Gold:   138        SH:  0    Dex: 13    Spells: 4/4 levels left

rFire    . . .     SeeInvis .   q - +0 long sword
rCold    . . .     Gourm    .   (no shield)
rNeg     . . .     Faith    .   v - +0 ring mail
rPois    .         Spirit   .   f - +2 hat
rElec    .         Reflect  .   (no cloak)
rCorr    .         Harm     .   (no gloves)
MR       .....                  b - +0 pair of boots
Stlth    +.........             (no amulet)
HPRegen  0.15/turn              w - ring of magical power
MPRegen  0.13/turn              (no ring)

@: no status effects
A: retaliatory headbutt, horns 2
a: no special abilities


You were in the Ecumenical Temple.
You were not hungry.

You visited 2 branches of the dungeon, and saw 5 of its levels.

You collected 138 gold pieces.

Inventory:

Hand Weapons
 q - a +0 long sword (weapon)
Missiles
 s - 2 tomahawks of returning (quivered)
Armour
 b - a +0 pair of boots (worn)
 f - a +2 hat (worn)
 v - a +0 ring mail (worn)
Jewellery
 w - a ring of magical power (left hand)
Wands
 k - a wand of polymorph (9)
 u - a wand of acid (8)
 x - a wand of flame (36)
Scrolls
 a - a scroll of fear {unknown}
 d - 2 scrolls of enchant armour {unknown}
 g - a scroll of magic mapping {unknown}
 i - 3 scrolls of remove curse {unknown}
 n - a scroll of teleportation {unknown}
 o - 2 scrolls of identify {unknown}
 p - a scroll of enchant weapon {unknown}
Potions
 e - a potion of invisibility {unknown}
 h - 2 potions of heal wounds {unknown}
 j - a potion of degeneration {unknown}
 l - 2 potions of curing {unknown}
 r - a potion of might {unknown}
 t - a potion of haste {unknown}
Comestibles
 c - 5 rations
 m - 4 chunks of flesh


   Skills:
 + Level 4.8 Fighting
 * Level 5.8 Long Blades
 + Level 2.2 Throwing
 + Level 2.8 Armour
 - Level 3.2 Dodging
 - Level 1.5 Stealth


You had 4 spell levels left.
You didn't know any spells.

Dungeon Overview and Level Annotations

Branches:
Dungeon (4/15)             Temple (1/1) D:4

Altars:
Ashenzari
Fedhas
Qazlal
Ru
Sif Muna
The Shining One
Beogh


Innate Abilities, Weirdness & Mutations

You reflexively headbutt those who attack you in melee.
You have a pair of horns on your head.


Message History

The gnoll hits you but does no damage. The orc closely misses you.
You hit the orc priest but do no damage.
The orc priest is heavily wounded.
The orc misses you.
You riposte.
You slash the orc!
You kill the orc!
The orc hits you with a club. The gnoll hits you.
The orc priest invokes the aid of Beogh against you.
Beogh smites you!
* * * LOW HITPOINT WARNING * * *
The gnoll hits you with a spear.
* * * LOW HITPOINT WARNING * * *
The orc hits you with a mace.
* * * LOW HITPOINT WARNING * * *
You hit the orc priest but do no damage.
Your headbutt misses the orc priest.
The orc priest is heavily wounded.
The orc misses you.
The orc priest calls down the wrath of Beogh upon you.
Beogh smites you!
You die...

#############
##....o.g....##
......o@)......
......o.g......
._...#...#..._.
.... ..... ....
... ..._... ...
.. ......... ..
. ...#...#... .
.............


You could see an orc priest, 2 gnolls and 2 orcs.

Vanquished Creatures
  2 orc priests (D:3)
  Jessica (D:3)
  An iguana (D:4)
  A gnoll (D:1)
  5 adders
  3 worms
  A dart slug (D:2)
  A leopard gecko (D:2)
  6 orcs
  4 giant cockroaches
  9 goblins
  9 hobgoblins
  2 jackals (D:3)
  A quokka (D:4)
  2 ball pythons (D:3)
  A ball python skeleton (D:4)
  6 bats
  A frilled lizard (D:2)
  12 kobolds
  5 rats
73 creatures vanquished.

Notes
Turn   | Place    | Note
-------+----------+-------------------------------------------
     0 | D:1      | tof the Minotaur Monk began the quest for the Orb.
     0 | D:1      | Reached XP level 1. HP: 19/19 MP: 0/0
   239 | D:1      | Reached XP level 2. HP: 27/27 MP: 1/1
   290 | D:1      | Reached skill level 4 in Long Blades
   433 | D:1      | Reached skill level 1 in Armour
  1134 | D:2      | Reached skill level 1 in Throwing
  1134 | D:2      | Reached XP level 3. HP: 26/33 MP: 2/2
  1568 | D:2      | Reached XP level 4. HP: 40/40 MP: 3/3
  1849 | D:3      | Noticed Jessica
  1851 | D:3      | Killed Jessica
  1855 | D:3      | Reached skill level 5 in Long Blades
  2013 | D:3      | Found a shattered altar of Ashenzari.
  2261 | D:3      | Found a roughly hewn altar of Beogh.
  2270 | D:3      | Reached XP level 5. HP: 6/47 MP: 4/4
  2785 | D:3      | Found a faded altar of an unknown god.
  2832 | D:3      | Found a stormy altar of Qazlal.
  2832 | D:3      | Found a blossoming altar of Fedhas.
  3060 | D:4      | Found a staircase to the Ecumenical Temple.
  3084 | Temple   | Entered the Ecumenical Temple
  3087 | Temple   | Killed from afar by an orc priest

Vault maps used:
D:1:      ncdulo_halloftheorcs
D:3:      grunt_temple_overflow_forces_of_nature, ashenzari_conservatory_becter,
          chequers_ecumenical_altar_simple, first_ration, grunt_ministairs_15,
          kennysheep_orc_chapel, uniq_jessica
D:4:      overflow_temple_1_default, minmay_temple_entry_mist
Temple:   cyrus_circular_temple

Skill      XL: |  1  2  3  4  5 |
---------------+----------------+-----
Long Blades    | 4 5 |  5.8
Armour         | 1 2 |  2.8
Fighting       | 4 |  4.8
Throwing       | 1 2 |  2.2
Dodging        | |  3.2
Stealth        | |  1.5

Action                   |  1- 3 |  4- 6 || total
-------------------------+-------+-------++-------
Melee: Falchion          |    33 |       ||    33
       Headbutt          |    11 |    17 ||    28
       Short sword       |    55 |       ||    55
       Long sword        |       |    58 ||    58
Throw: Tomahawk          |       |     7 ||     7
 Stab: Sleeping          |     3 |     1 ||     4
  Eat: Chunk             |     2 |     5 ||     7
Armor: Robe              |     2 |       ||     2
       Leather armour    |    10 |     1 ||    11
       Ring mail         |       |    23 ||    23
Dodge: Dodged            |    56 |    40 ||    96
       Rpst.: Falchion   |     9 |       ||     9
       Long sword        |       |    10 ||    10

Table legend:
 A = Spawn XP
 B = Non-spawn XP
 C = Spawn XP percentage of total XP
 D = Spawn monster count
 E = Non-spawn monster count
 F = Spawn count percentage of total count
 G = Total turns spent on level
                    A         B        C        D         E        F      G
               +---------+---------+-------+---------+---------+-------+---------
         Total |       0 |     360 |   0.0 |       0 |      73 |   0.0 |  3087
               +---------+---------+-------+---------+---------+-------+---------
           D:1 |       0 |      40 |   0.0 |       0 |      18 |   0.0 |  1131
           D:2 |       0 |      63 |   0.0 |       0 |      27 |   0.0 |   718
           D:3 |       0 |     188 |   0.0 |       0 |      21 |   0.0 |  1089
           D:4 |       0 |      66 |   0.0 |       0 |       6 |   0.0 |   146
        Temple |       0 |       3 |   0.0 |       0 |       1 |   0.0 |     3
               +---------+---------+-------+---------+---------+-------+---------
